 Dungeon Crawl Stone Soup version 0.18.1-48-g4cf74bf (webtiles) character file.

36 Heedrag the Conjurer (level 3, -1/19 HPs)
             Began as a Deep Elf Conjurer on July 30, 2016.
             Slain by an orc priest
             ... wielding a +1 hand axe of chopping
              (2 damage)
             ... on level 2 of the Dungeon.
             The game lasted 00:01:37 (872 turns).

Heedrag the Conjurer (Deep Elf Conjurer)             Turns: 872, Time: 00:01:38

Health: -1/19      AC:  2    Str:  6    XL:     3   Next: 19%
Magic:  1/10       EV: 13    Int: 19    God:
Gold:   122        SH:  0    Dex: 15    Spells: 2 memorised, 5 levels left

rFire  . . .     SeeInvis .     e - +0 dagger
rCold  . . .     Gourm    .     a - +0 robe
rNeg   . . .     Faith    .     (no shield)
rPois  .         Spirit   .     (no helmet)
rElec  .         Dismiss  .     (no cloak)
rCorr  .         Reflect  .     (no gloves)
SustAt .         Harm     .     (no boots)
MR     .....                    (no amulet)
Stlth  ++........               (no ring)
                                (no ring)

@: not resistant to hostile enchantments, unstealthy
A: no striking features
a: no special abilities


You were on level 2 of the Dungeon.
You were not hungry.

You visited 1 branch of the dungeon, and saw 2 of its levels.

You collected 122 gold pieces.

Inventory:

Hand Weapons
 e - a +0 dagger (weapon)
Armour
 a - a +0 robe (worn)
Scrolls
 d - 3 scrolls of identify {unknown}
 f - a scroll of immolation {unknown}
 g - a scroll of noise {unknown}
 i - a scroll of teleportation {unknown}
 m - a scroll of blinking {unknown}
 n - 2 scrolls of remove curse {unknown}
Potions
 l - a potion of haste {unknown}
 o - a potion of degeneration {unknown}
 p - a potion of magic {unknown}
Books
 b - a book of Conjurations

   Spells                             Type                      Level
   a - Magic Dart                     Conjuration                  1
   b - Searing Ray                    Conjuration                  2
   c - Dazzling Spray                 Conjuration/Hexes            3
   d - Fulminant Prism                Conjuration/Hexes            4
   e - Iskenderun's Mystic Blast      Conjuration                  4
   f - Iskenderun's Battlesphere      Conjuration/Charms           5
Comestibles
 c - 2 bread rations
 h - 3 chunks of flesh
 j - a meat ration
 k - a royal jelly


   Skills:
 - Level 2.4 Dodging
 - Level 2.4 Stealth
 + Level 3.8 Spellcasting
 * Level 5.2 Conjurations


You had 5 spell levels left.
You knew the following spells:

 Your Spells              Type           Power        Failure   Level  Hunger
a - Magic Dart            Conj           ###.         1%          1    None
b - Dazzling Spray        Conj/Hex       ##....       14%         3    ###....


Dungeon Overview and Level Annotations

Branches:
Dungeon (1/15)

Altars:


Message History

Tha orc priest be lightly wounded.
Castin': Magic Dart Confirm wit' . or Enter, or press ? or * ta list all spells.
Aimin': Magic Dart
Press: ? - help, Shift-Dir - straight line, f/p - orc priest
Aim: an orc priest, wieldin' a hand axe o' choppin' an' wearin' a rin' mail (lightly wounded) Tha magic dart hits tha orc priest.
Tha orc priest be moderately wounded.
Tha orc priest hits ye wit' a hand axe o' choppin'.
Castin': Magic Dart Confirm wit' . or Enter, or press ? or * ta list all spells.
Aimin': Dazzlin' Spray
Press: ? - help, Shift-Dir - straight line, f/p - orc priest
Aim: an orc priest, wieldin' a hand axe o' choppin' an' wearin' a rin' mail (moderately wounded) Tha spray o' energy hits tha orc priest.
Tha orc priest be almost dead.
Tha orc priest be dazzled.
Tha orc priest hits ye wit' a hand axe o' choppin'.
* * * LOW HITPOINT WARNIN'
* * * Ye die...

#.....###### #.......
#...o......# ####...#
#..........# #...#
#..........# ########...#
#####o.....####......#...#
#.....................
#>....................
######..########......#####
#........o@....+......+
#.........######......#
#.........######......#
#..............########
#..............#
#..............#
#..............#
#..............#
#.....)........#


You could see an orc priest (blind).

Vanquished Creatures
  2 adders (D:2)
  2 giant cockroaches (D:2)
  3 goblins
  4 hobgoblins (D:2)
  4 kobolds (D:2)
  A quokka (D:2)
  A giant newt (D:2)
17 creatures vanquished.

Notes
Turn   | Place    | Note
--------------------------------------------------------------
     0 | D:1      | Heedrag the Deep Elf Conjurer began the quest for the Orb.
     0 | D:1      | Reached XP level 1. HP: 10/10 MP: 6/6
    57 | D:1      | You fall through a shaft!
   206 | D:2      | Reached XP level 2. HP: 9/15 MP: 1/8
   303 | D:2      | Reached skill level 5 in Conjurations
   386 | D:2      | Reached XP level 3. HP: 19/19 MP: 8/10
   391 | D:2      | Learned a level 3 spell: Dazzling Spray
   872 | D:2      | Slain by an orc priest

Skill      XL: |  1  2 |
---------------+-------+-----
Conjurations   | 5 |  5.2
Dodging        | |  2.4
Stealth        | |  2.4
Spellcasting   | |  3.8

Action                   || total
-------------------------++-------
 Cast: Magic Dart        ||    46
       Dazzling Spray    ||     1
  Use: Potion            ||     1
Dodge: Dodged            ||     4
